 Dungeon Crawl Stone Soup version 0.20-a0-187-ge5586d949a (webtiles) character file.

200 KristoblXynda the Shield-Bearer (level 5, 0/45 HPs)
             Began as a Draconian Fighter on Nov 23, 2016.
             Slain by Sigmund
             ... wielding a +0 scythe
              (1 damage)
             ... on level 4 of the Dungeon.
             The game lasted 00:03:34 (2391 turns).

KristoblXynda the Shield-Bearer (Draconian Fighter) Turns: 2391, Time: 00:03:35

Health: 0/45       AC:  9    Str: 17 (19) XL:     5   Next: 48%
Magic:  14/14      EV: 17    Int:  6 (9)  God:
Gold:   203        SH:  0    Dex: 13 (15) Spells: 4/4 levels left

rFire  . . .     SeeInvis .     a - +0 war axe
rCold  . . .     Gourm    .     (armour unavailable)
rNeg   . . .     Faith    .     b - +0 shield
rPois  .         Spirit   .     (helmet restricted)
rElec  .         Reflect  .     u - +2 cloak
rCorr  .         Harm     .     (no gloves)
MR     .....                    w - +0 pair of boots
Stlth  ++........               (no amulet)
                                (no ring)
                                j - ring of magical power

@: confused, agile
A: unfitting armour, cold-blooded, AC +5
a: no special abilities


You were on level 4 of the Dungeon.
You were hungry.

You visited 1 branch of the dungeon, and saw 4 of its levels.

You collected 203 gold pieces.

Inventory:

Hand Weapons
 a - a +0 war axe (weapon)
Missiles
 o - a throwing net (quivered)
 t - 3 javelins
Armour
 b - a +0 shield (worn)
 u - a +2 cloak (worn)
 w - a +0 pair of boots (worn)
Jewellery
 j - a ring of magical power (left hand)
Scrolls
 f - 4 scrolls of identify {unknown}
 g - 7 scrolls of remove curse {unknown}
 l - 2 scrolls of amnesia {unknown}
 q - a scroll of fog {unknown}
 r - 2 scrolls of enchant weapon {unknown}
 s - a scroll of magic mapping {unknown}
 v - a scroll of immolation {unknown}
 y - a scroll of teleportation {unknown}
Potions
 h - a potion of berserk rage {unknown}
 i - a potion of cancellation {unknown}
 m - a potion of agility
 n - a potion of magic
Comestibles
 d - 2 bread rations
 p - 5 meat rations
 z - a royal jelly


   Skills:
 - Level 3.2 Fighting
 + Level 3.5 Axes
 + Level 4.0 Dodging
 + Level 4.3 Shields


You had 4 spell levels left.
You didn't know any spells.

Dungeon Overview and Level Annotations

Branches:
Dungeon (4/15)
 Temple: D:4-7

Altars:

Annotations:
D:4 Sigmund


Innate Abilities, Weirdness & Mutations

Your plain brown scales are hard. (AC +5)
You cannot fit into any form of body armour.
You are cold-blooded and may be slowed by cold attacks.


Message History

The magic dart hits you!
It was a potion of magic.
Magic courses through your body.
You hear some strange, mumbled words.
You are confused.
The worm bites you!
Unknown command.
Something hits you!
* * * LOW HITPOINT WARNING * * *
The worm closely misses you.
It was a potion of agility.
You feel agile all of a sudden.
A magic dart appears from out of thin air!
The magic dart hits you!
* * * LOW HITPOINT WARNING * * *
Unknown command.
It was a potion of degeneration.
There was something very wrong with that liquid.
You feel weakened.
You feel dopey.
You feel clumsy. The worm misses you. Something hits you.
You die...

#####+##+##
...........#
...........#
....?....<.#
...........#
...........#
.......†...#
.......w.{.#
.......@...#
...........#
#########+##


You could see a worm.

Vanquished Creatures
  2 orc priests (D:3)
  An orc wizard (D:3)
  3 adders
  3 worms
  3 dart slugs
  3 leopard geckos
  8 orcs (D:3)
  4 giant cockroaches
  5 hobgoblins
  A jackal (D:1)
  8 bats
  5 frilled lizards
  7 goblins
  9 kobolds
  5 rats
67 creatures vanquished.

Notes
Turn   | Place    | Note
-------+----------+-------------------------------------------
     0 | D:1      | KristoblXynda the Draconian Fighter began the quest for the Orb.
     0 | D:1      | Reached XP level 1. HP: 19/19 MP: 1/1
   190 | D:1      | Reached XP level 2. HP: 16/26 MP: 2/2
   523 | D:2      | Reached XP level 3. HP: 31/31 MP: 3/3
  1472 | D:3      | Reached XP level 4. HP: 36/38 MP: 4/4
  2226 | D:3      | Reached XP level 5. HP: 35/45 MP: 5/5
  2378 | D:4      | Noticed Sigmund
  2390 | D:4      | HP: 1/45 [something/magic dart (2)]
  2391 | D:4      | Slain by Sigmund

Vault maps used:
D:1:      dpeg_arrival_pits, minmay_tetromino_i2
D:3:      hangedman_decor_push
D:4:      tso_metal_star, uniq_sigmund

Skill      XL: |  1  2  3  4  5 |
---------------+----------------+-----
Dodging        | 3 4 |  4.0
Axes           | 3 |  3.5
Shields        | 4 |  4.3
Fighting       | |  3.2

Action                   |  1- 3 |  4- 6 || total
-------------------------+-------+-------++-------
Melee: War axe           |   146 |    76 ||   222
       Tailslap          |    19 |    12 ||    31
  Use: Potion            |       |     7 ||     7
 Stab: Sleeping          |     1 |       ||     1
  Eat: Beef jerky        |     1 |       ||     1
       Chunk             |       |     3 ||     3
Armor: Skin              |    36 |    31 ||    67
Dodge: Dodged            |    71 |    48 ||   119
Block: Shield            |    97 |    37 ||   134
